 Dungeon Crawl Stone Soup version 0.30-a0-51-g784eafce7f (webtiles) character file.

Game seed: 13180979598586369360

187799 Pooter the Marksminotaur (level 17, -2/234 HPs)
             Began as a Minotaur Berserker on Sept 4, 2022.
             Was an Elder of Trog.
             Slain by an anaconda (6 damage)
             ... on level 2 of the Snake Pit on Sept 6, 2022.
             The game lasted 03:39:24 (40138 turns).

Pooter the Marksminotaur (Minotaur Berserker)      Turns: 40138, Time: 03:39:25

Health: -2/234     AC: 24    Str: 29    XL:     17   Next: 89%
Magic:  16/16      EV:  8    Int:  6    God:    Trog [****..]
Gold:   2709       SH:  5    Dex:  8    Spells: 16/16 levels left

rFire   + . .      SeeInvis +    E - +9 broad axe "Ruizuz" {holy, Fragile rN+ Will+ Str+3}
rCold   . . .      Faith    .    (no shield)
rNeg    + . .      Spirit   .    A - +7 chain mail {rC+}
rPois   +          Reflect  +    (helmet restricted)
rElec   +          Harm     .    j - +2 cloak of Intuition {Rampage rC- Slay+3}
rCorr   .          Rampage  +    g - +0 pair of gloves {hurl}
Will    ++...                    (no boots)
Stlth   ..........               H - amulet of reflection
HPRegen 0.49/turn                Q - ring "Giloim" {rPois SInv}
MPRegen 0.15/turn                F - ring "Goneq" {rElec rF+ Slay+2 Stlth-}

@: berserking, lethally poisoned (-2 -> -11), constricted, very quick
A: horns 2, retaliatory headbutt, clumsy 1, weak 1
a: Renounce Religion, Berserk, Trog's Hand, Brothers in Arms


You were on level 2 of the Snake Pit.
You worshipped Trog.
Trog was greatly pleased with you.
You visited 6 branches of the dungeon, and saw 28 of its levels.
You visited the Abyss 1 time.
You also visited: Trove and Bailey.

You collected 4219 gold pieces.
You spent 1510 gold pieces at shops.

Inventory:

Hand Weapons
 a - a +7 vampiric war axe
   (You found it on level 1 of the Dungeon)
 b - a +2 vorpal arbalest
   (You bought it in a shop on level 2 of the Orcish Mines)
 i - a +6 vorpal dire flail
   (You took it off Lodul on level 14 of the Dungeon)
 E - the +9 broad axe "Ruizuz" (weapon) {holy, Fragile rN+ Will+ Str+3}
   (You bought it in a shop on level 2 of the Orcish Mines)

   It has been blessed by the Shining One to cause great damage to the undead
   and demons.
   Str:       It affects your strength (+3).
   rN:        It protects you from negative energy.
   Fragile:   It will be destroyed if unequipped.
   Will:      It increases your willpower.
 T - a +1 demon trident of venom
   (You took it off an orc wizard on level 12 of the Dungeon)
 U - the +5 trident "Lukk" {drain, rElec rPois rN+ Will-}
   (You found it on level 12 of the Dungeon)

   A truly terrible weapon, it drains the life of any living foe it strikes.
   rElec:     It insulates you from electricity.
   rPois:     It protects you from poison.
   rN:        It protects you from negative energy.
   Will:      It decreases your willpower.
Missiles
 c - 6 silver boomerangs
 l - 11 atropa-tipped darts
 p - 28 poisoned darts
 B - 16 boomerangs (quivered)
 N - 11 silver javelins
Armour
 g - a +0 pair of gloves of hurling (worn)
   (You bought it in a shop on level 1 of the Snake Pit)
 j - the +2 cloak of Intuition (worn) {Rampage rC- Slay+3}
   (You found it in a bailey)

   Slay:      It affects your accuracy & damage with ranged weapons and melee
   (+3).
   rC:        It makes you vulnerable to cold.
   Rampage:   It bestows one free step when moving towards enemies.
 A - a +7 chain mail of cold resistance (worn)
   (You took it off an orc on level 10 of the Dungeon)
 S - a scarf of harm
   (You found it on level 3 of the Elven Halls)
 W - the +6 chain mail "Zitworghi" {rCorr}
   (You found it on level 11 of the Dungeon)

   rCorr:     It protects you from acid and corrosion.
Jewellery
 e - the ring of Yduucwox {Drain rElec rPois rF++ Int+6}
   (You found it on level 1 of the Orcish Mines)

   [ring of intelligence]

   Int:       It affects your intelligence (+6).
   rF:        It greatly protects you from fire.
   rElec:     It insulates you from electricity.
   rPois:     It protects you from poison.
   Drain:     It drains your maximum health when unequipped.
 m - the amulet "Cerav" {rN+ Regen+}
   (You found it in a treasure trove)

   [amulet of regeneration]

   rN:        It protects you from negative energy.
   Regen:     It increases your rate of health regeneration.
 s - a ring of flight
   (You found it on level 5 of the Lair of Beasts)
 v - a +4 ring of evasion
   (You found it on level 2 of the Elven Halls)
 F - the ring "Goneq" (right hand) {rElec rF+ Slay+2 Stlth-}
   (You found it in a treasure trove)

   [ring of protection from fire]

   Slay:      It affects your accuracy & damage with ranged weapons and melee
   (+2).
   rF:        It protects you from fire.
   rElec:     It insulates you from electricity.
   Stlth:     It makes you less stealthy.
 H - an amulet of reflection (around neck)
   (You found it on level 1 of the Snake Pit)
 O - a +6 ring of strength
   (You found it on level 2 of the Lair of Beasts)
 Q - the ring "Giloim" (left hand) {rPois SInv}
   (You bought it in a shop on level 3 of the Dungeon)

   [ring of poison resistance]

   rPois:     It protects you from poison.
   SInv:      It lets you see invisible.
 X - a +6 ring of dexterity
   (You found it on level 11 of the Dungeon)
Wands
 f - a wand of flame (52)
   (You found it on level 6 of the Dungeon)
 k - a wand of polymorph (5)
   (You found it on level 15 of the Dungeon)
 x - a wand of acid (9)
   (You found it on level 5 of the Lair of Beasts)
 D - a wand of digging (7)
   (You found it on level 3 of the Elven Halls)
 J - a wand of roots (12)
   (You found it on level 10 of the Dungeon)
 R - a wand of charming (24)
   (You found it on level 3 of the Lair of Beasts)
Scrolls
 h - 10 scrolls of fog
 q - 4 scrolls of fear
 r - 5 scrolls of blinking
 t - 22 scrolls of teleportation {@r4}
 u - 6 scrolls of magic mapping
 w - 6 scrolls of summoning
 K - 6 scrolls of immolation {!r}
 M - 3 scrolls of silence
 V - 2 scrolls of poison
Potions
 d - 3 potions of cancellation
 n - 9 potions of lignification {!q}
 o - 3 potions of curing {@q1}
 y - 5 potions of mutation {!q}
 z - 4 potions of flight
 C - 3 potions of heal wounds {@q2}
 G - a potion of might
 I - 2 potions of haste {@q3}
 L - a potion of resistance
 P - 2 potions of attraction {!q}
 Y - a potion of invisibility
Miscellaneous
 Z - a condenser vane
   (You found it on level 11 of the Dungeon)


   Skills:
 + Level 15.4 Fighting
 - Level 15.3(17.4) Axes
 - Level 10.1(14.0) Maces & Flails
 + Level 9.4(13.5) Polearms
 - Level 18.0 Ranged Weapons
 + Level 12.7 Armour
 + Level 8.9 Dodging
 + Level 7.2 Stealth
 + Level 10.3 Evocations


You had 16 spell levels left.
You didn't know any spells.
Your spell library was empty.

Dungeon Overview and Level Annotations

Branches:
Dungeon (15/15)            Temple (0/1) D:4            Lair (5/5) D:9
 Shoals (0/4) Lair:3        Snake (2/4) Lair:2        Slime (0/5) Lair:4
    Orc (2/2) D:12            Elf (3/3) Orc:2        Vaults (0/5) D:13
 Depths (1/4) D:15         Bailey (visited)

Altars:
Cheibriados
Elyvilon
Kikubaaqudgha
Makhleb
Nemelex Xobeh
Okawaru
Uskayaw
Vehumet
Jiyva

Shops:
D:2 *   D:3 =   D:6 :   D:9 *   Orc:1 (   Orc:2 (*(=[   Snake:1 [

Annotations:
Elf:2 3 runed translucent doors


Innate Abilities, Weirdness & Mutations

You have a pair of horns on your head.
You reflexively headbutt those who attack you in melee.
You are clumsy. (Dex -2)
You are weak. (Str -2)


Message History

You slice the nagaraja!!
You kill the nagaraja!
Trog accepts your kill.
Trog appreciates your killing of a magic user.
You slice the shock serpent!!
The shock serpent's electric aura discharges, shocking you!
You resist.
* * * LOW HITPOINT WARNING * * *
The air sparks with electricity, shocking you!
You resist.
You feel sick.
The shock serpent bites you but does no damage.
An anaconda comes into view.
You rampage towards the naga sharpshooter!
The anaconda hisses angrily.
You slice the naga sharpshooter!!
Your headbutt misses the naga sharpshooter.
Your punch misses the naga sharpshooter.
You barely miss the shock serpent.
You feel sick.
The shock serpent bites you but does no damage.
You rampage towards the anaconda!
You miss the anaconda. You headbutt the anaconda!! You slash the shock serpent!
You slice the naga sharpshooter!!
The shock serpent's electric aura discharges, shocking you!
You resist.
* * * LOW HITPOINT WARNING * * *
You feel sick. The anaconda grabs you.
The anaconda bites you but does no damage.
The anaconda constricts you.
The naga sharpshooter shoots an arrow.
The arrow hits you!!
* * * LOW HITPOINT WARNING * * *
You slice the naga sharpshooter!!
Your headbutt misses the naga sharpshooter.
You barely miss the anaconda. You barely miss the shock serpent.
* * * LOW HITPOINT WARNING * * *
You feel sick.
The shock serpent bites you but does no damage.
The anaconda completely misses you. The anaconda constricts you.
The naga warrior spits poison at you. The splash of poison hits you.
You resist.
* * * LOW HITPOINT WARNING * * *
You closely miss the naga sharpshooter. You slash the anaconda!
You slash the shock serpent!
You kill the shock serpent!
Trog accepts your kill.
The air sparks with electricity, shocking you!
You resist.
* * * LOW HITPOINT WARNING * * *
* * * LOW HITPOINT WARNING * * *
You feel sick. The anaconda bites you.
You die...

#. # ...... #.
.#.... . ...... ..
#. ###.#N...
....#.##.......
......S....#.#.#
####@N.......
#...†.)###..
#......#.... ..#
#.........^.. ....
#.....####...
...######........#
.
#.#...#...####$.#
##.........# ..#
#......##### ##


You could see a naga warrior (catching breath), a naga sharpshooter and an
anaconda.

Vanquished Creatures
  A deep elf blademaster (Elf:2)
  2 tentacled starspawn (Abyss:3)
  Roxanne (D:14)
  A nagaraja (Snake:2)
  An orc warlord (Orc:2)
  3 deep elf sorcerers (Elf:3)
  4 deep elf elementalists (Elf:3)
  Aizul (Snake:1)
  5 deep elf demonologists
  Nessos (D:14)
  8 deep elf annihilators
  Snorg (D:14)
  3 fire dragons
  3 deep elf death magi
  2 deep elf high priests (Elf:3)
  The ghost of LnG the Cleaver, a journeyman HOFi of Okawaru (Lair:1)
  4 boulder beetles
  A rakshasa (Abyss:3)
  5 hydras
  Erolcha (Orc:2)
  An ice dragon (D:15)
  3 anacondas
  2 naga warriors (Snake:2)
  6 death yaks
  A tengu warrior (D:15)
  6 centaur warriors
  5 two-headed ogres
  13 dancing weapons
  A death knight (D:14)
  The ghost of Feara the Basher, a novice DsGl of Fedhas (Orc:1)
  3 shock serpents
  2 thrashing horrors (Abyss:3)
  An orc high priest (Orc:2)
  2 naga sharpshooters (Snake:1)
  4 hell knights (Abyss:3)
  3 wretched stars (Abyss:3)
  An iron troll (D:13)
  7 deep elf knights
  A salamander mystic (Snake:1)
  Lodul (D:14)
  A glowing orange brain (Depths:1)
  2 naga ritualists (Snake:1)
  3 orc knights (Orc:2)
  4 large abominations
  8 deep elf archers
  A wizard (D:11)
  3 starcursed masses (Abyss:3)
  24 deep elf pyromancers
  3 mana vipers (Snake:1)
  A necromancer (Abyss:3)
  19 deep elf zephyrmancers
  The ghost of Newt the Poker, a novice DsGl of Hepliaklqana (D:5)
  12 ugly things
  A faun (shapeshifter) (Elf:1)
  3 orc sorcerers
  4 cyclopes
  A will-o-the-wisp (D:13)
  3 salamanders (Snake:1)
  A manticore (D:13)
  21 elephants
  20 black mambas
  2 gargoyles
  A guardian serpent (Snake:2)
  14 cane toads
  A cane toad (shapeshifter) (Elf:1)
  2 naga magi (Snake:1)
  A molten gargoyle (D:15)
  A torpor snail (Lair:1)
  2 yaktaurs
  An unseen horror (D:11)
  3 rime drakes
  Psyche (D:10)
  10 komodo dragons
  A tengu conjurer (D:15)
  4 freezing wraiths
  A hellwing (Abyss:3)
  6 trolls
  3 tyrant leeches (Lair:5)
  2 polar bears
  A harpy skeleton (Abyss:3)
  6 dream sheep (Lair:3)
  24 blink frogs
  A raiju (Abyss:3)
  2 small abominations
  2 air elementals
  A vampire (Abyss:3)
  2 shadows (D:11)
  4 wraiths
  2 wyverns (Lair:2)
  Eustachio (D:5)
  A ynoxinul (Abyss:3)
  3 fire elementals
  2 water elementals
  4 neqoxecs
  33 yaks
  3 basilisks
  A chaos spawn (Abyss:3)
  16 vampire mosquitoes
  Edmund (D:5)
  6 nagas
  4 wargs
  14 water moccasins
  An acid dragon (D:11)
  34 orc warriors
  A swamp drake (D:13)
  A sky beast (shapeshifter) (Elf:1)
  3 ice beasts
  2 black bears
  9 ogres
  9 centaurs
  6 wolves (Lair:2)
  3 phantoms
  A kobold brigand (D:5)
  23 bullfrogs
  A necrophage (D:5)
  A gnoll sergeant (D:8)
  7 earth elementals
  3 scorpions
  10 wights
  13 killer bees
  4 electric eels
  6 howler monkeys
  4 quasits (Orc:1)
  5 hounds
  11 orc priests
  2 jellies
  3 iguanas
  Natasha (thrice) (D:2)
  28 orc wizards
  6 adders
  22 gnolls
  A shadow imp (D:6)
  3 white imps
  An ufetubus (D:5)
  6 dart slugs
  81 orcs
  10 endoplasms
  3 giant cockroaches
  7 goblins
  11 hobgoblins
  3 quokkas (D:1)
  3 training dummies (Orc:1)
  7 ball pythons
  9 frilled lizards
  15 kobolds
  11 rats
  A butterfly (Lair:4)
  2 starspawn tentacles (Abyss:3)
835 creatures vanquished.

Vanquished Creatures (collateral kills)
  A cyclops (D:14)
1 creature vanquished.

Vanquished Creatures (others)
  A deep elf pyromancer (Elf:1)
  An orc sorcerer (Elf:1)
  An air elemental (Elf:1)
  A water elemental (Elf:1)
  8 foxfires (D:13)
  20 fungi
  113 plants
  4 starspawn tentacles (Abyss:3)
149 creatures vanquished.

Grand Total: 985 creatures vanquished

Notes
Turn   | Place    | Note
-------+----------+-------------------------------------------
     0 | D:1      | Pooter the Minotaur Berserker began the quest for the Orb.
     0 | D:1      | Reached XP level 1. HP: 19/19 MP: 0/0
    55 | D:1      | You fall into a shaft and drop 1 floor!
    88 | D:2      | Found Keth's General Store.
    93 | D:2      | Bought 2 boomerangs for 14 gold pieces
   283 | D:2      | Reached XP level 2. HP: 27/27 MP: 1/1
   496 | D:1      | Reached XP level 3. HP: 33/33 MP: 2/2
   756 | D:1      | Reached skill level 1 in Ranged Weapons
  1179 | D:2      | Reached skill level 5 in Axes
  1410 | D:2      | Found a faded altar of an unknown god.
  1487 | D:2      | Noticed Natasha
  1488 | D:2      | Reached XP level 4. HP: 41/41 MP: 3/3
  1497 | D:2      | Killed Natasha
  2020 | D:2      | Noticed Natasha
  2032 | D:2      | Killed Natasha
  2033 | D:2      | Reached skill level 2 in Ranged Weapons
  2269 | D:2      | Noticed Natasha
  2288 | D:2      | Killed Natasha
  2289 | D:2      | Reached XP level 5. HP: 44/47 MP: 4/4
  2577 | D:3      | Reached ** piety under Trog
  2617 | D:3      | Found Esmaxefe's Jewellery Shoppe.
  3055 | D:3      | Reached skill level 3 in Ranged Weapons
  3596 | D:4      | Reached XP level 6. HP: 45/55 MP: 5/5
  3597 | D:4      | Reached skill level 5 in Fighting
  3908 | D:4      | Found a hide-covered altar of Uskayaw.
  3908 | D:4      | Found an iron altar of Okawaru.
  4070 | D:4      | Reached skill level 4 in Ranged Weapons
  4118 | D:4      | Found a staircase to the Ecumenical Temple.
  4549 | D:5      | Entered Level 5 of the Dungeon
  4552 | D:5      | Found a white marble altar of Elyvilon.
  4575 | D:5      | Reached XP level 7. HP: 33/61 MP: 6/6
  4886 | D:5      | Reached skill level 5 in Ranged Weapons
  5197 | D:5      | Noticed Eustachio
  5203 | D:5      | Killed Eustachio
  5204 | D:5      | Reached skill level 6 in Ranged Weapons
  5204 | D:5      | Reached XP level 8. HP: 70/70 MP: 7/7
  5631 | D:5      | Noticed Edmund
  5641 | D:5      | Killed Edmund
  5693 | D:5      | Found a runed translucent gate.
  5693 | D:5      | Found a runed translucent gate.
  5693 | D:5      | Found a runed translucent gate.
  5715 | D:5      | Noticed Newt's ghost (novice DsGl)
  6420 | D:6      | Found a sparkling altar of Nemelex Xobeh.
  6489 | D:6      | Reached skill level 7 in Ranged Weapons
  7108 | D:3      | Bought the ring "Giloim" {rPois SInv} for 374 gold pieces
  7279 | D:6      | Found Xuqanwuo's Book Emporium.
  7537 | D:7      | Reached skill level 1 in Evocations
  7571 | D:7      | Reached XP level 9. HP: 38/77 MP: 8/8
  7785 | D:6      | Reached skill level 10 in Axes
  7846 | D:7      | Reached skill level 8 in Ranged Weapons
  7944 | D:7      | Found a snail-covered altar of Cheibriados.
  9675 | D:9      | Reached skill level 9 in Ranged Weapons
  9684 | D:9      | Found a staircase to the Lair.
  9686 | D:9      | Found Ynaptiec's Overcharged Wands.
  9731 | D:9      | Found a radiant altar of Vehumet.
  9746 | D:9      | Found a flagged portal.
  9805 | Bailey   | Entered a bailey
 10058 | Bailey   | Reached XP level 10. HP: 90/90 MP: 9/9
 10225 | Bailey   | Identified the +2 cloak of Intuition {Rampage rC- Slay+3}
 10233 | Bailey   | Identified the +1 ice dragon scales of Morality {Harm
                  | Rampage rF- rC++ rN+}
 10360 | D:9      | Reached *** piety under Trog
 10367 | D:9      | Reached skill level 1 in Maces & Flails
 10791 | D:9      | Noticed a two-headed ogre
 10796 | D:9      | Killed a two-headed ogre
 10936 | D:9      | Noticed a two-headed ogre
 10944 | D:9      | Killed a two-headed ogre
 10945 | D:9      | Reached skill level 10 in Ranged Weapons
 11296 | D:10     | Entered Level 10 of the Dungeon
 12047 | D:10     | Noticed Psyche
 12053 | D:10     | Killed Psyche
 12254 | Lair:1   | Entered Level 1 of the Lair of Beasts
 12269 | Lair:1   | Found a runed translucent door.
 12271 | Lair:1   | Noticed a torpor snail
 12271 | Lair:1   | Noticed LnG's ghost (journeyman HOFi)
 12283 | Lair:1   | Noticed a black mamba
 12288 | Lair:1   | Killed LnG's ghost
 12289 | Lair:1   | Reached XP level 11. HP: 97/97 MP: 10/10
 12549 | Lair:1   | Reached skill level 11 in Ranged Weapons
 12552 | Lair:1   | Reached skill level 5 in Armour
 12774 | Lair:1   | Reached skill level 5 in Evocations
 13653 | Lair:2   | Reached skill level 10 in Fighting
 13654 | Lair:2   | Reached skill level 5 in Maces & Flails
 13836 | Lair:2   | Reached XP level 12. HP: 98/106 MP: 11/11
 13841 | Lair:2   | Reached skill level 12 in Ranged Weapons
 14167 | Lair:2   | Found a staircase to the Snake Pit.
 14719 | Lair:3   | Noticed a seven-headed hydra
 14728 | Lair:3   | Killed a seven-headed hydra
 15071 | Lair:3   | Found a staircase to the Shoals.
 15532 | Lair:3   | Noticed a death yak
 15532 | Lair:3   | Noticed a death yak
 15533 | Lair:3   | Noticed a death yak
 15542 | Lair:3   | Killed a death yak
 15545 | Lair:3   | Killed a death yak
 15546 | Lair:3   | Reached skill level 13 in Ranged Weapons
 15549 | Lair:3   | Killed a death yak
 15562 | Lair:3   | Reached **** piety under Trog
 15604 | Lair:3   | Reached skill level 15 in Axes
 15629 | Lair:3   | Reached XP level 13. HP: 116/116 MP: 12/12
 16374 | Lair:4   | Found a viscous altar of Jiyva.
 16374 | Lair:4   | Found a staircase to the Slime Pits.
 16720 | Lair:5   | Entered Level 5 of the Lair of Beasts
 17270 | Lair:5   | Reached skill level 14 in Ranged Weapons
 19207 | Lair:5   | Reached XP level 14. HP: 118/126 MP: 13/13
 19742 | D:11     | Identified the +10 rapier "Arhudu" {flame, rElec rPois
                  | Str+2 Stlth-}
 20273 | D:11     | Identified the +6 chain mail "Zitworghi" {rCorr}
 20293 | D:11     | Identified the +6 short sword "Arbiter" {vorpal, Dex+6}
 20313 | D:11     | Reached skill level 15 in Ranged Weapons
 21068 | D:12     | Found a portal to a secret trove of treasure.
 21074 | D:12     | Identified the +5 trident "Lukk" {drain, rElec rPois rN+
                  | Will-}
 21088 | D:12     | You paid a toll of 14 potions of curing to enter a treasure
                  | trove
 21089 | Trove    | Entered a treasure trove
 21091 | Trove    | Identified the amulet "Cerav" {rN+ Regen+}
 21110 | Trove    | Identified the ring of the Cursing Ancients {rPois rC+
                  | Int-3 SInv Stlth+}
 21115 | Trove    | Identified the ring "Talliplo" {rN+ Int+6}
 21117 | Trove    | Identified the ring "Goneq" {rElec rF+ Slay+2 Stlth-}
 21119 | Trove    | Identified the ring "Illapt" {rCorr Str+5}
 21122 | Trove    | Identified the ring of Toanke {rN+ AC+4 Str+6 Int-3}
 21123 | Trove    | Identified the ring of Dogma {EV+4 Int+3}
 23714 | D:12     | Reached XP level 15. HP: 135/135 MP: 14/14
 24122 | D:12     | Found a staircase to the Orcish Mines.
 24147 | Orc:1    | Entered Level 1 of the Orcish Mines
 24275 | Orc:1    | Found a transporter.
 24295 | Orc:1    | Found a transporter.
 24306 | Orc:1    | Noticed Feara's ghost (novice DsGl)
 24311 | Orc:1    | Gained mutation: You do not regenerate when monsters are
                  | visible. [a neqoxec]
 24312 | Orc:1    | Gained mutation: You are weak. (Str -2) [a neqoxec]
 24332 | Orc:1    | Killed Feara's ghost
 24367 | Orc:1    | Got the ring of Yduucwox {Drain rElec rPois rF++ Int+6}
 24459 | Orc:1    | Found Xicusef's Firing Range.
 24468 | Orc:1    | Bought 3 boomerangs for 21 gold pieces
 24468 | Orc:1    | Bought 6 silver javelins for 201 gold pieces
 24468 | Orc:1    | Bought 6 boomerangs for 42 gold pieces
 24584 | Orc:1    | Lost mutation: You do not regenerate when monsters are
                  | visible. [potion of mutation]
 24584 | Orc:1    | Lost mutation: You are weak. (Str -2) [potion of mutation]
 24584 | Orc:1    | Gained mutation: You are weak. (Str -2) [potion of
                  | mutation]
 24764 | Orc:2    | Entered Level 2 of the Orcish Mines
 24782 | Orc:2    | Found Giodgh's Weapon Shoppe.
 24949 | Orc:2    | Found a staircase to the Elven Halls.
 25556 | Orc:2    | Noticed Erolcha
 25564 | Orc:2    | Killed Erolcha
 25642 | Orc:2    | Reached skill level 10 in Armour
 25741 | Orc:2    | Paralysed by an orc sorcerer for 3 turns
 27012 | Orc:2    | Noticed an orc warlord
 27055 | Orc:2    | Killed an orc warlord
 28590 | Orc:2    | Found Ohoaheq's Antique Weapon Boutique.
 28597 | Orc:2    | Bought an encrusted broad axe for 279 gold pieces
 28597 | Orc:2    | Identified the +9 broad axe "Ruizuz" {holy, Fragile rN+
                  | Will+ Str+3} (You bought it in a shop on level 2 of the
                  | Orcish Mines)
 28659 | Orc:2    | Found Loujenio's Antique Armour Boutique.
 28797 | Orc:2    | Found Remod's Jewellery Boutique.
 28812 | Orc:2    | Found Kiuhihits's General Store.
 28819 | Orc:2    | Bought a potion of resistance for 160 gold pieces
 29194 | D:13     | Reached skill level 5 in Dodging
 29482 | D:13     | Identified the +4 scale mail of Caly {rElec rCorr Str-2
                  | Stlth+}
 29553 | D:13     | Found a gate to the Vaults.
 29824 | D:14     | Noticed Lodul
 29827 | D:14     | Noticed Nessos
 29832 | D:14     | Killed Lodul
 29833 | D:14     | Reached skill level 5 in Polearms
 29869 | D:14     | Killed Nessos
 29870 | D:14     | Reached skill level 10 in Maces & Flails
 30004 | D:14     | Noticed Snorg
 30010 | D:14     | Killed Snorg
 30119 | D:14     | Identified Roxanne's Papyrus of Sculpting
 30119 | D:14     | Noticed Roxanne
 30143 | D:14     | Killed Roxanne
 30333 | D:14     | Found an ancient bone altar of Kikubaaqudgha.
 30372 | D:14     | Reached XP level 16. HP: 97/144 MP: 15/15
 30760 | D:15     | Entered Level 15 of the Dungeon
 30841 | D:15     | Reached skill level 16 in Ranged Weapons
 31390 | D:15     | Found a staircase to the Depths.
 31417 | Depths:1 | Entered Level 1 of the Depths
 32157 | D:5      | Killed Newt's ghost
 32515 | Elf:1    | Entered Level 1 of the Elven Halls
 32619 | Orc:2    | Bought a runed arbalest for 232 gold pieces
 32784 | Elf:1    | Paralysed by an air elemental for 1 turns
 32799 | Elf:1    | Reached skill level 5 in Stealth
 33116 | Elf:1    | Noticed a Hell Sentinel
 33376 | Elf:1    | Reached ***** piety under Trog
 33767 | Elf:2    | Found a runed translucent gate.
 33768 | Elf:2    | Found a runed translucent gate.
 33768 | Elf:2    | Found a runed translucent gate.
 33976 | Elf:2    | Reached skill level 17 in Ranged Weapons
 34436 | Elf:3    | Entered Level 3 of the Elven Halls
 35399 | Elf:3    | Reached XP level 17. HP: 99/154 MP: 16/16
 35780 | Elf:3    | Noticed a deep elf blademaster
 35800 | Elf:2    | Killed a deep elf blademaster
 36039 | Elf:3    | Noticed a Brimstone Fiend
 36181 | Abyss:3  | Cast into level 3 of the Abyss (a deep elf sorcerer)
 36324 | Abyss:3  | Noticed a bone dragon
 36524 | Abyss:3  | Gained mutation: You are clumsy. (Dex -2) [a neqoxec]
 36532 | Abyss:3  | Reached skill level 15 in Fighting
 36543 | Elf:3    | Escaped the Abyss
 36754 | Elf:3    | Identified the amulet of Geycw {Acrobat rElec Dex+2}
 36765 | Elf:3    | Reached skill level 10 in Evocations
 37229 | Elf:3    | Identified the +5 morningstar of Gawk {vorpal, *Slow rPois
                  | Will++ Str+2}
 38356 | Elf:3    | Identified the +0 pair of boots "Giuxkeof" {-Tele rN+
                  | Dex+2}
 38780 | Snake:1  | Entered Level 1 of the Snake Pit
 38788 | Snake:1  | Reached skill level 18 in Ranged Weapons
 39007 | Snake:1  | Noticed Aizul
 39513 | Snake:1  | Killed Aizul
 39639 | Snake:1  | Found a burning altar of Makhleb.
 39800 | Snake:1  | Found Xegievui's Antique Armour Shoppe.
 39814 | Snake:1  | Bought a pair of glowing gloves for 187 gold pieces
 39854 | Snake:1  | Upgraded the game from 0.30-a0-50-gb2d611f6b1 to
                  | 0.30-a0-51-g784eafce7f
 40136 | Snake:2  | HP: 11/234 [naga sharpshooter/arrow (24)]
 40138 | Snake:2  | HP: 5/234 [something (1)]
 40138 | Snake:2  | Slain by an anaconda

Illustrated notes

Levels and vault maps discovered:
D:1:      heliophobic_arrival_henge, layout_loops_ring
D:2:      layout_basic, chequers_ecumenical_altar_simple_redux, serial_shops,
          nicolae_shop_hallway_plus, minmay_hedge_maze, uniq_natasha
D:3:      layout_loops_corners, serial_shops, shop, kennysheep_generic_room_15
D:4:      layout_basic, nicolae_overflow_hidden_temple,
          minmay_temple_entry_junction, minmay_cut_off
D:5:      nicolae_cairo_tiling, layout_gridville, elyvilon_altar_1,
          gammafunk_ghost_nasty_kobolds, serial_bayou, serial_bayou_crossing,
          serial_bayou_pond_b, serial_bayou_pond_a, serial_bayou_pond_c,
          minmay_misc_feat_pillars, uniq_eustachio, uniq_edmund
D:6:      layout_basic, mainiacjoe_overflow_tiny_flanked, serial_shops,
          nicolae_shop_hallway_stairs, grunt_ministairs_2
D:7:      layout_cave_pools, kennysheep_slug_shrine
D:8:      layout_layer_cave
D:9:      layout_roguey, kennysheep_little_box, lair_entry_dummy,
          enter_bailey_7, kennysheep_donut, nicolae_shop_overcharged_wands
D:10:     layout_cave_pools, chequers_decorated_corner, uniq_psyche
D:11:     minmay_stone_box, layout_basic, minmay_mirror_moons_of_madness
D:12:     layout_roguey, erik_orc_2, nicolae_trove_entry_free_sample
D:13:     layout_big_octagon, david_vaults_4, pond
D:14:     layout_basic, kiku_gazebo_pond_becter, uniq_nessos, uniq_snorg,
          uniq_roxanne, uniq_lodul
D:15:     grunt_enter_depths_hoard, layout_irregular_city,
          kennysheep_flooded_box, drop_trap, kennysheep_crisscross
Lair:1:   layout_cellular_growth, ebering_ghost_inner_flame, lemuel_fruit_tree,
          grunt_megastairs_3, lemuel_fruit_fields
Lair:2:   layout_cave_pods, dummy_snake_entry, grunt_megastairs_5,
          lemuel_fruit_fields, infiniplex_staircase_pool_2
Lair:3:   layout_small_grid, minmay_shoals_entry_centaurs
Lair:4:   layout_concentric_octagons, slime_entry_1, serial_bayou_shore_b,
          serial_bayou_shore_a, lemuel_fruit_fields
Lair:5:   minmay_lair_end_frog_pond, layout_regular_city
Snake:1:  layout_cave_shapes, basic_altar, special_room, serial_shops,
          nicolae_shop_waterfront, grunt_megastairs_2, uniq_aizul
Snake:2:  nrook_guardian_serpent_snake_passage, layout_honeycomb, st_stairs_2,
          minmay_shop_grove, uniq_frances
Orc:1:    layout_diamond_mine, gammafunk_ghost_stat_death,
          nicolae_shop_firing_range
Orc:2:    grunt_orc_cross, layout_caves, serial_shops,
          nicolae_shop_behind_doors, basic_altar, uniq_erolcha
Elf:1:    eino_elf_arrival_customs, layout_gridlike, minivault_28
Elf:2:    nicolae_elf_blades_crystal_corner, layout_gridlike,
          roderic_roman_lattice, abandoned_shop, drop_trap
Elf:3:    minmay_elf_hall_dome, layout_onion_city, nicolae_elf_big_sculpture_3,
          nrook_mini_backslash, patterned_corridor
Depths:1: layout_forbidden_donut, lightli_too_deep, rand_demon_pan_entry_7,
          nicolae_abyss_entry_one_way_or_another, lemuel_flamethrower_3,
          firewood_loft

Skill      XL: |  1  2  3  4  5  6  7  8  9 10 11 12 13 14 15 16 17 |
---------------+----------------------------------------------------+-----
Fighting       | 4 5 6 7 8 9 10 11 12 13 14 15 | 15.4
Axes           | 4 5 6 7 8 9 11 12 13 15 | 15.3
Ranged Weapons | 1 2 3 4 6 7 9 10 11 13 14 15 17 18 | 18.0
Evocations     | 1 3 4 5 6 7 8 9 10 | 10.3
Maces & Flails | 3 5 7 8 9 10 | 10.1
Armour         | 4 6 7 9 10 11 12 | 12.7
Polearms       | 3 5 7 9 |  9.4
Dodging        | 4 5 7 8 |  8.9
Stealth        | 2 4 5 7 |  7.2

Action                   |  1- 3 |  4- 6 |  7- 9 | 10-12 | 13-15 | 16-18 || total
-------------------------+-------+-------+-------+-------+-------+-------++-------
Melee: War axe           |    61 |    69 |   228 |   246 |   496 |   320 ||  1420
       Headbutt          |     5 |     7 |    40 |    55 |   128 |   139 ||   374
       Flail             |       |       |    23 |    56 |    10 |       ||    89
       Punch             |       |       |       |     1 |     7 |    10 ||    18
       Shortbow          |       |       |       |       |     1 |       ||     1
       Dire flail        |       |       |       |       |    39 |     1 ||    40
       Demon trident     |       |       |       |       |     7 |       ||     7
       Broad axe         |       |       |       |       |       |   251 ||   251
 Fire: Sling             |    15 |    98 |    88 |     6 |       |       ||   207
       Shortbow          |       |       |       |    59 |   116 |       ||   175
       Arbalest          |       |       |       |       |   272 |   106 ||   378
Throw: Boomerang         |       |     5 |    17 |    27 |    18 |   115 ||   182
       Dart              |       |       |       |     2 |       |       ||     2
Invok: Berserk           |     2 |     3 |    10 |     5 |    10 |    13 ||    43
       Trog's Hand       |       |     2 |    12 |    11 |    28 |    36 ||    89
Evoke: Wand              |       |       |     1 |     9 |    27 |    10 ||    47
       Condenser vane    |       |       |       |       |       |     2 ||     2
  Use: Scroll            |     2 |     3 |    16 |     9 |    14 |     9 ||    53
       Potion            |       |       |       |     1 |     3 |     9 ||    13
 Stab: Sleeping          |     1 |       |       |       |       |       ||     1
       Invisible         |       |       |       |       |       |     5 ||     5
Armor: Animal skin       |     9 |     6 |       |       |       |       ||    15
       Ring mail         |       |    24 |     2 |       |       |       ||    26
       Scale mail        |       |       |    66 |       |       |       ||    66
       Chain mail        |       |       |    38 |     2 |   174 |   294 ||   508
       Ice dragon scales |       |       |       |   160 |   106 |       ||   266
Dodge: Dodged            |    36 |    36 |   128 |   118 |   184 |   223 ||   725
Block: Other             |       |       |       |       |       |     6 ||     6
       Reflection        |       |       |       |       |       |     1 ||     1

Table legend: (Time is in decaauts)
 A = Elapsed time spent in this place.
 B = Non-inter-level travel time spent in this place.
 C = Inter-level travel time spent in this place.
 D = Time resting spent in this place.
 E = Time spent auto-exploring this place.
 F = Levels seen in this place.
 G = Mean time per level.
                   A        B        C        D        E       F      G
               +--------+--------+--------+--------+--------+-----+--------+
         Total |  40360 |  38537 |   1823 |  14715 |  16540 |  31 | 1301.9 |
       Dungeon |  19810 |  18804 |   1006 |   5757 |  10222 |  15 | 1320.7 |
          Lair |   7451 |   7239 |    212 |   2212 |   3945 |   5 | 1490.2 |
     Snake Pit |   1358 |   1324 |     34 |    736 |    374 |   2 |  679.0 |
  Orcish Mines |   5013 |   4709 |    304 |   3087 |    767 |   2 | 2506.5 |
   Elven Halls |   5640 |   5375 |    265 |   2585 |   1146 |   3 | 1880.0 |
        Depths |    172 |    172 |      0 |    100 |      0 |   1 |  172.0 |
         Abyss |    357 |    357 |      0 |    109 |      0 |   1 |  357.0 |
         Trove |     52 |     52 |      0 |      0 |      0 |   1 |   52.0 |
        Bailey |    503 |    503 |      0 |    127 |     86 |   1 |  503.0 |
               +--------+--------+--------+--------+--------+-----+--------+

Top non-repeatable levels by time:
   Orc:2: 4291 daAuts
    D:12: 3580 daAuts
   Elf:3: 3450 daAuts
  Lair:5: 2859 daAuts
     D:5: 1976 daAuts
     D:2: 1646 daAuts
  Lair:1: 1476 daAuts
  Lair:3: 1343 daAuts
     D:4: 1305 daAuts
     D:6: 1297 daAuts
     D:9: 1269 daAuts
     D:8: 1255 daAuts
   Elf:2: 1157 daAuts
    D:11: 1152 daAuts
 Snake:1: 1121 daAuts
